AoeStats
← meditator27

Highland

504772276Analyzed
4v4 RM · 24d ago on Sep 6, 2026· 63m 12s· 8 players
Game mode
Random Map
Map size
Large (8 player)
Population
200
Speed
Normal
Resources
Standard
Victory
Conquest
Starting age
Dark Age
Ending age
Imperial Age
RankedLock teamsTeams togetherTeam positionsShared explorationLock speedFull tech treeHidden civsTurbo modeCheats
Victory
Defeat
🇬🇧 Mongols · United Kingdom
1213
+17
🇳🇴 Khmer · Norway
1211
+17
🇹🇼 Franks · Taiwan
1199
+17
🇧🇪 Koreans · Belgium
1190
+18
🇨🇦 Koreans · Canada
1274
-20
🇭🇰 Wei · Hong Kong SAR China
1226
-17
🇭🇰 Italians · Hong Kong SAR China
1201
-16
🇭🇰 Persians · Hong Kong SAR China
1201
-16
BlueSky
7:46 Loom
10:28 Feudal Age
11:08 Double-Bit Axe
11:05 Horse Collar
20:26 Castle Age
21:56 Medium Warships
24:52 Bow Saw
24:44 Heavy Plow
24:35 Gold Mining
26:28 Wheelbarrow
27:04 Gold Shaft Mining
33:38 Imperial Age
31:51 Scale Barding Armor
32:14 Tusk Swords
33:31 Bloodlines
33:22 Husbandry
33:43 Chain Barding Armor
34:31 Hand Cart
34:02 Town Watch
34:33 Forging
35:02 Plate Barding Armor
34:52 Forging
35:05 Ballistics
35:07 Elite Battle Elephant
36:16 Conscription
37:17 Iron Casting
39:14 Blast Furnace
39:16 Chemistry
38:22 Siege Engineers
38:20 Double Crossbow
38:46 Heavy Scorpion
40:24 Fortified Wall
39:56 Light Cavalry
40:24 Elite Cannon Galleon
40:55 Hussar
46:46 Caravan
51:22 Fletching
55:31 Bodkin Arrow
59:03 Capped Ram
Ham Shank
4:44 Loom
11:26 Feudal Age
12:27 Double-Bit Axe
15:30 Wheelbarrow
16:35 Horse Collar
19:42 Fishing Lines
23:44 Castle Age
22:48 Fletching
22:59 Padded Archer Armor
24:49 Medium Warships
27:11 Heavy Plow
27:27 Bow Saw
28:41 Gold Mining
30:32 Stone Mining
30:22 Demolition Ship
31:07 Gillnets
31:13 Gillnets
32:19 Stone Shaft Mining
32:20 Town Watch
32:55 Hand Cart
37:01 Imperial Age
35:36 Gold Shaft Mining
36:42 Caravan
37:14 Coinage
37:11 Bodkin Arrow
37:31 Leather Archer Armor
38:41 Ballistics
39:21 Chemistry
40:12 Conscription
41:17 Drill
41:08 Siege Engineers
42:14 Onager
43:18 Heavy Demolition Ship
43:40 Siege Onager
44:40 Masonry
44:27 Murder Holes
50:50 Bracer
50:48 Elite Mangudai
52:36 Bloodlines
52:27 Husbandry
52:34 Thumb Ring
52:55 Parthian Tactics
57:27 Fortified Wall
56:57 Elite Steppe Lancer
57:48 Scale Barding Armor
57:54 Forging
57:20 Capped Ram
59:23 Siege Ram
60:42 Chain Barding Armor
60:58 Iron Casting
Anomalyflair
10:18 Loom
12:53 Feudal Age
14:25 Double-Bit Axe
19:34 Gold Mining
23:14 Castle Age
21:56 Fletching
23:40 Crossbowman
24:32 Forging
25:26 Stone Mining
26:30 Bow Saw
27:48 Scale Barding Armor
33:50 Wheelbarrow
34:52 Medium Warships
39:19 Imperial Age
39:20 Gold Shaft Mining
39:33 Thumb Ring
40:39 Scale Mail Armor
40:34 Bodkin Arrow
41:15 Iron Casting
42:30 Chemistry
42:23 Chain Mail Armor
42:58 Elite Skirmisher
44:53 Elite Turtle Ship
46:04 Heavy Warships
45:59 Horse Collar
46:56 Stone Shaft Mining
48:51 Elite Fire Lancer
49:26 Pikeman
50:07 Squires
53:07 Bracer
56:05 Caravan
56:19 Light Cavalry
57:23 Heavy Plow
58:01 Ballistics
58:57 Elite Cannon Galleon
60:23 Chain Barding Armor
meditator27
10:03 Feudal Age
16:30 Castle Age
15:48 Double-Bit Axe
17:40 Bow Saw
18:08 Wheelbarrow
18:52 Loom
22:48 Forging
22:56 Gold Mining
24:19 Scale Barding Armor
26:05 Hand Cart
31:04 Imperial Age
30:00 Iron Casting
31:02 Husbandry
31:24 Chain Barding Armor
31:14 Stone Mining
31:34 Cavalier
34:11 Blast Furnace
36:00 Plate Barding Armor
36:45 Conscription
35:56 Paladin
39:02 Caravan
53:48 Light Cavalry
Scirroco
6:23 Loom
9:42 Feudal Age
10:25 Double-Bit Axe
19:52 Castle Age
18:45 Horse Collar
19:41 Stone Mining
22:33 Bow Saw
22:46 Fletching
26:10 Bodkin Arrow
28:01 Ballistics
28:24 Gold Mining
30:15 Husbandry
30:39 Heavy Plow
32:11 Wheelbarrow
35:36 Imperial Age
34:46 Thumb Ring
35:39 Elite War Wagon
36:40 Conscription
36:21 Bracer
39:09 Chemistry
39:40 Hand Cart
40:07 Town Watch
44:05 Caravan
43:59 Treadmill Crane
44:30 Masonry
44:43 Eupseong
44:31 Arrowslits
45:29 Heated Shot
51:21 Two-Man Saw
58:47 Guilds
FlameX
11:16 Feudal Age
10:57 Loom
16:28 Castle Age
18:34 Double-Bit Axe
18:33 Horse Collar
22:06 Scale Barding Armor
23:59 Chain Barding Armor
24:02 Bow Saw
24:25 Gold Mining
28:18 Forging
28:21 Bloodlines
30:54 Kamandaran
32:54 Iron Casting
37:04 Imperial Age
35:00 Heavy Plow
35:39 Wheelbarrow
35:25 Husbandry
37:54 Conscription
37:20 Cavalier
43:16 Plate Barding Armor
42:33 Heavy Camel Rider
44:36 Blast Furnace
43:57 Hand Cart
43:31 Town Watch
47:22 Pikeman
50:02 Halberdier
50:45 Scale Mail Armor
52:26 Caravan
54:38 Citadels
54:15 Light Cavalry
55:02 Squires
57:30 Hussar
StarShooter
3:24 Loom
9:39 Feudal Age
11:13 Double-Bit Axe
21:23 Castle Age
20:42 Gold Mining
20:45 Fletching
22:25 Medium Warships
23:23 Horse Collar
24:40 Bodkin Arrow
32:19 Wheelbarrow
32:14 Heavy Plow
32:50 Ballistics
38:11 Imperial Age
36:23 Fortified Wall
36:25 Masonry
36:27 Padded Archer Armor
38:35 Leather Archer Armor
39:13 Silk Road
39:00 Caravan
40:36 Chemistry
40:53 Bracer
41:13 Elite Genoese Crossbowman
43:38 Conscription
44:01 Ring Archer Armor
45:08 Bow Saw
45:31 Thumb Ring
51:21 Hand Cart
52:06 Hoardings
55:51 Architecture
onioncwc
5:21 Loom
12:20 Feudal Age
14:16 Double-Bit Axe
21:06 Castle Age
19:06 Horse Collar
19:24 Gold Mining
21:04 Stone Mining
23:46 Scale Barding Armor
24:18 Bow Saw
24:12 Fletching
25:03 Forging
26:22 Bloodlines
27:09 Heavy Plow
29:44 Wheelbarrow
29:17 Husbandry
30:55 Iron Casting
31:52 Gold Shaft Mining
33:04 Stone Shaft Mining
33:40 Chain Barding Armor
37:39 Imperial Age
37:05 Bodkin Arrow
37:36 Hand Cart
38:10 Town Watch
39:32 Blast Furnace
37:55 Heavy Hei Guang Cavalry
39:02 Conscription
39:58 Ming Guang Armor
40:34 Tuntian
44:38 Hoardings
45:26 Bracer
52:25 Light Cavalry
55:35 Hussar
57:01 Crop Rotation
58:34 Ballistics
58:25 Masonry
Connection lost

Rejoining the realm…

Still unreachable

The connection could not be restored.

Session expired

The server has moved on; the page needs a fresh start.